 Dungeon Crawl Stone Soup version 0.17-a0-1409-ge6d9485 (webtiles) character file.

67 RobertPalmer the Slasher (level 3, -1/31 HPs)
             Began as a Draconian Chaos Knight on June 22, 2015.
             Succumbed to poison (poison gas)
             ... on level 2 of the Dungeon.
             The game lasted 00:02:50 (1108 turns).

RobertPalmer the Slasher (Draconian Chaos Knight)   Turns: 1108, Time: 00:02:51

Health: -1/31      AC:  5    Str: 19    XL:     3   Next: 98%
Magic:  3/3        EV: 12    Int: 13    God:    Xom [..*...]
Gold:   89         SH:  0    Dex: 10    Spells: 0 memorised, 2 levels left

rFire  . . .     SeeInvis .     a - +0 falchion (chaos)
rCold  . . .     Clarity  .     (armour unavailable)
rNeg   . . .     SustAt   .     (no shield)
rPois  .         Gourm    .     (helmet restricted)
rElec  .         Spirit   .     (no cloak)
rCorr  .         Warding  .     (no gloves)
rMut   .         Stasis   .     (no boots)
MR     .....                    (no amulet)
Stlth  +.........               (no ring)
                                (no ring)

@: mighty, lethally poisoned (-1 -> -24), not resistant to hostile enchantments,
very unstealthy
A: unfitting armour, hooves 1, cold-blooded, AC +5
a: Renounce Religion


You were on level 2 of the Dungeon.
You worshipped Xom.
You were a toy of Xom.
You were hungry.

You visited 1 branch of the dungeon, and saw 2 of its levels.

You collected 89 gold pieces.

Inventory:

Hand weapons
 a - a +0 falchion of chaos (weapon)
Armour
 f - a +0 cloak
   (You found it on level 1 of the Dungeon)
Scrolls
 c - 3 scrolls of identify {unknown}
 e - a scroll of fog {unknown}
 h - 2 scrolls of remove curse {unknown}
Potions
 g - a potion of beneficial mutation
Comestibles
 b - 2 bread rations {@e1}
 j - a beef jerky


   Skills:
 - Level 3.2 Fighting
 + Level 4.9 Long Blades
 - Level 2.1 Dodging


You had 2 spell levels left.
You didn't know any spells.

Dungeon Overview and Level Annotations

Branches:
Dungeon (2/15)

Altars:


Innate Abilities, Weirdness & Mutations

Your plain brown scales are hard (AC +5).
Your body does not fit into most forms of armour.
You are cold-blooded and may be slowed by cold attacks.
You have large cloven feet.


Message History

The kobold throws a stone.
The stone barely misses you.
The stone hits the goblin.
The goblin dies!
The kobold throws a stone.
The stone barely misses you.
The kobold throws a stone.
The stone barely misses you.
The kobold throws a stone.
The stone barely misses you.
Unknown command.
The kobold barely misses you.
You hit the kobold.
You kill the kobold!
No target in view!
No target in view!
You see here a stone.
Things that are here:
a stone; a club; a goblin corpse You see here a stone.
Found a stone staircase leading down.
You are feeling hungry.
A giant cockroach comes into view.
A giant cockroach is nearby!
An adder and a goblin come into view.
The goblin shouts!
The adder barely misses you.
You barely miss the adder. The goblin misses you.
The giant cockroach bites you but does no damage.
The adder bites you but does no damage.
You closely miss the adder. The adder bites you.
The giant cockroach bites you but does no damage.
The goblin closely misses you. The adder bites you but does no damage.
The giant cockroach bites you but does no damage.
You take 4 damage, and have 27/31 hp.
You barely miss the adder. You tail-slap the adder.
The goblin hits you but does no damage. The adder barely misses you.
The giant cockroach closely misses you. The goblin hits you but does no damage.
You hit the adder. You burn the adder. The adder bites you but does no damage.
The giant cockroach barely misses you. The goblin barely misses you.
The adder barely misses you.
You barely miss the adder. The giant cockroach barely misses you.
The adder bites you. The goblin hits you but does no damage.
The giant cockroach barely misses you.
You take 1 damage, and have 26/31 hp.
You closely miss the adder. The adder closely misses you.
The giant cockroach closely misses you. The goblin hits you but does no damage.
The adder closely misses you.
You miss the adder.
Your tail-slap misses the adder.
The giant cockroach bites you. The adder closely misses you.
The goblin hits you but does no damage.
You take 1 damage, and have 25/31 hp.
You hit the adder.
You kill the adder!
The giant cockroach barely misses you. The goblin hits you with a dagger.
The giant cockroach bites you.
You take 2 damage, and have 23/31 hp.
You hit the goblin.
You kill the goblin!
The giant cockroach bites you but does no damage.
You closely miss the giant cockroach. The giant cockroach misses you.
You barely miss the giant cockroach. You tail-slap the giant cockroach.
The giant cockroach closely misses you.
You barely miss the giant cockroach. The giant cockroach barely misses you.
The giant cockroach closely misses you.
You closely miss the giant cockroach. The giant cockroach barely misses you.
You barely miss the giant cockroach. The giant cockroach bites you.
You take 2 damage, and have 22/31 hp.
You hit the giant cockroach.
You kill the giant cockroach!
No target in view!
No target in view!
Xom's attention turns to you for a moment.
Venomous gases pour from your feet!
You see here an adder corpse.
You butcher the adder corpse.
You are engulfed in poison gas.
You are poisoned.
You feel sick.
Things that are here:
a chunk of flesh {@w0}; an adder skeleton You take 10 damage, and have 12/31 hp.
MASSIVE DAMAGE!!
You are engulfed in poison gas.
You are lethally poisoned!
* * * LOW HITPOINT WARNING * * *
x2 You feel sick.
You take 8 damage, and have 4/31 hp.
MASSIVE DAMAGE!!
* * * LOW HITPOINT WARNING * * *
You feel sick.
You take 2 damage, and have 2/31 hp.
Unknown command.
Drink which item? (? for menu, Esc to quit)
It was a potion of beneficial mutation.
Your feet thicken and deform.
You feel fantastic!
* * * LOW HITPOINT WARNING * * *
You feel sick.
You take 1 damage, and have 1/31 hp.
Drink which item? (? for menu, Esc to quit)
It was a potion of might.
You feel very mighty all of a sudden.
You die...
Xom chuckles heartily!

############## #...##.......#
#...##.......#
##)@.##.......###### ##...##
###..§§§#.####...##... ##.....##
#..$.§§§.......)......
#.......####....§§§..............
#................................
.....[.####.).............#.#.##
##.....## #...#...###.....##.....
#.......###...#...###..........#.
#...<.........######..........##.


There were no monsters in sight!

Vanquished Creatures
  A river rat (shapeshifter) (D:2)
  2 adders (D:2)
  4 bats
  4 giant cockroaches
  5 goblins
  4 hobgoblins
  9 jackals
  4 kobolds
  A quokka (D:2)
  2 giant newts
  4 rats (D:2)
40 creatures vanquished.

Vanquished Creatures (others)
  A goblin (D:2)
1 creature vanquished.

Grand Total: 41 creatures vanquished

Notes
Turn   | Place    | Note
--------------------------------------------------------------
     0 | D:1      | RobertPalmer the Draconian Chaos Knight began the quest for the Orb.
     0 | D:1      | Reached XP level 1. HP: 19/19 MP: 1/1
     6 | D:1      | Noticed a hound
     6 | D:1      | Noticed a polar bear
     6 | D:1      | Noticed a killer bee
     7 | D:1      | Noticed a black mamba
     8 | D:1      | Noticed a swamp worm
    61 | D:1      | XOM: potion effect (brilliance)
   288 | D:1      | Reached XP level 2. HP: 26/26 MP: 2/2
   612 | D:2      | XOM: harmless Necr miscast
   649 | D:2      | Reached skill level 4 in Long Blades
   682 | D:2      | Reached XP level 3. HP: 14/31 MP: 3/3
   694 | D:2      | XOM: snakes to sticks
   706 | D:2      | HP: 4/31 [river rat (shapeshifter) (7)]
  1103 | D:2      | XOM: medium Air miscast
  1105 | D:2      | HP: 6/31 [something (6)]
  1106 | D:2      | HP: 2/31 [poison (poison gas)]
  1107 | D:2      | Gained mutation: You have large cloven feet. [potion of beneficial mutation]
  1108 | D:2      | Succumbed to poison (poison gas)

Vault maps used:
D:1:      onia_arrival_zoo_common
D:2:      minmay_circled_x

Action                   || total
-------------------------++-------
Melee: Falchion          ||   128
  Use: Potion            ||     3

Vault maps used:
D:1:      onia_arrival_zoo_common
D:2:      minmay_circled_x

Table legend:
 A = Turns spent in this place as a percentage of turns spent in the entire game.
 B = Non-inter-level travel turns spent in this place as a percentage of non-inter-level travel turns spent in the entire game.
 C = Inter-level travel turns spent in this place as a percentage of turns spent in this place.
 D = Turns resting spent in this place as a percentage of non-inter-level travel turns spent in this place.
 E = Turns spent auto-exploring this place as a percentage of non-inter-level travel turns spent in this place.
 F = Non-inter-level travel turns spent in this place divided by the number of levels of this place that you've seen.
                   A       B       C       D       E      F
               +-------+-------+-------+-------+-------+----------------------
         Total | 100.0 | 100.0 |   0.3 |   1.0 |  10.1 | 199.0
       Dungeon | 100.0 | 100.0 |   0.3 |   1.0 |  10.1 | 199.0
               +-------+-------+-------+-------+-------+----------------------

Table legend:
 A = Kills in this place as a percentage of kills in entire the game.
 B = Kills by you in this place as a percentage of kills by you in the entire game.
 C = Kills by friends in this place as a percentage of kills by friends in the entire game.
 D = Other kills in this place as a percentage of other kills in the entire game.
 E = Experience gained in this place as a percentage of experience gained in the entire game.
 F = Experience gained in this place divided by the number of levels of this place that you have seen.
                   A       B       C       D       E      F
               +-------+-------+-------+-------+-------+----------------------
         Total | 100.0 | 100.0 |  -nan | 100.0 | 100.0 |  48.0
       Dungeon | 100.0 | 100.0 |  -nan | 100.0 | 100.0 |  48.0
               +-------+-------+-------+-------+-------+----------------------
